 Dungeon Crawl Stone Soup version 0.29.1-2-gbd0b4ee654 (webtiles) character file.

Game seed: 695232182975019500

60 GorkyZ the Magician (level 4, 0/31 HPs)
             Began as a Djinni Hedge Wizard on Nov 11, 2022.
             Was a Follower of Makhleb.
             Constricted to death by a ball python (1 damage)
             ... on level 3 of the Dungeon.
             The game lasted 00:19:08 (2755 turns).

GorkyZ the Magician (Djinni Hedge Wizard)           Turns: 2755, Time: 00:19:09

Health: 0/31       AC:  3    Str:  9    XL:     4   Next: 25%
Gold:   71         EV:  9    Int: 17    God:    Makhleb [*.....] SH:  0 Dex: 13

rFire   + + .      SeeInvis .   a - +0 dagger
rCold   x . .      Faith    .   (no shield)
rNeg    . . .      Spirit   .   b - +0 robe
rPois   ∞          Reflect  .   c - +0 hat
rElec   .          Harm     .   h - +0 cloak
rCorr   .          Rampage  .   (no gloves)
Will    .....                   (boots unavailable)
Stlth   ++........              (no amulet)
HPRegen 0.10/turn               i - ring of poison resistance
MPRegen 0.00/turn               (no ring)

@: flying, constricted
A: sickness immunity, fire resistance 2, cold vulnerability 1, float, innate
caster, HP casting, extra vitality 1
a: Renounce Religion


You were on level 3 of the Dungeon.
You worshipped Makhleb.
Makhleb was aware of your devotion.
You visited 1 branch of the dungeon, and saw 3 of its levels.

You collected 71 gold pieces.

Inventory:

Hand Weapons
 a - a +0 dagger (weapon)
Armour
 b - a +0 robe (worn)
 c - a +0 hat (worn)
 h - a +0 cloak (worn)
Jewellery
 i - a ring of poison resistance (left hand)
 l - a ring of flight
Scrolls
 d - 2 scrolls of acquirement {unknown}
 e - a scroll of identify {unknown}
 f - a scroll of magic mapping {unknown}
 j - a scroll of vulnerability {unknown}
 k - 2 scrolls of noise {unknown}
 n - a scroll of fog {unknown}
 o - a scroll of immolation {unknown}
Potions
 g - a potion of invisibility {unknown}
 m - a potion of magic {unknown}
 p - a potion of degeneration {unknown}
 q - a potion of might {unknown}
 r - a potion of brilliance {unknown}
 s - a potion of curing {unknown}


   Skills:
 + Level 2.5 Dodging
 - Level 1.5 Stealth
 + Level 3.6 Spellcasting


You couldn't memorise any spells.
You knew the following spells:

 Your Spells              Type           Power      Damage    Failure   Level
a - Magic Dart            Conj           60%        1d6       3%          1
b - Blink                 Tloc           30%        N/A       5%          2
c - Call Imp              Summ           15%        N/A       5%          2
d - Slow                  Hex            60%        N/A       3%          1
e - Conjure Flame         Conj/Fire      15%        6-21      11%         3
f - Mephitic Cloud        Conj/Pois/Air  15%        N/A       11%         3
g - Shock                 Conj/Air       60%        1d6       3%          1
Your spell library was empty.

Dungeon Overview and Level Annotations

Branches:
Dungeon (3/15)

Altars:
Makhleb


Innate Abilities, Weirdness & Mutations

You are immune to sickness and miasma.
You are immune to poison.
Your flesh is very heat resistant. (rF++)
You are vulnerable to cold. (rC-)
You float through the air rather than walking.
You learn spells naturally, not from books.
Your magical power is your life essence.
You have superior vitality. (+4 MHP)


Message History

The kobold hits you with a +0 short sword.
The ball python bites you. The ball python constricts you.
The ball python bites you. The ball python constricts you.
The kobold barely misses you.
You hear the rusting of a distant drain.
The ball python barely misses you. The ball python constricts you.
The kobold hits you with a +0 short sword.
The ball python barely misses you. The ball python constricts you.
The kobold hits you but does no damage. The ball python completely misses you.
The ball python constricts you.
The kobold hits you with a +0 short sword.
* * * LOW HITPOINT WARNING * * *
The ball python barely misses you. The ball python constricts you.
* * * LOW HITPOINT WARNING * * *
The ball python barely misses you. The ball python constricts you.
* * * LOW HITPOINT WARNING * * *
The kobold hits you but does no damage. The ball python barely misses you.
The ball python constricts you. The kobold barely misses you.
The ball python bites you but does no damage.
The ball python constricts you.
The kobold hits you with a +0 short sword.
* * * LOW HITPOINT WARNING * * *
The ball python bites you but does no damage.
The ball python constricts you.
* * * LOW HITPOINT WARNING * * *
The kobold hits you but does no damage. The ball python closely misses you.
The ball python constricts you.
The kobold hits you with a +0 short sword.
* * * LOW HITPOINT WARNING * * *
The ball python closely misses you. The ball python constricts you.
* * * LOW HITPOINT WARNING * * *
The ball python barely misses you. The ball python constricts you.
The kobold closely misses you. The ball python barely misses you.
The ball python constricts you.
* * * LOW HITPOINT WARNING * * *
The kobold barely misses you.
The ball python bites you but does no damage.
The ball python constricts you.
You die...

#.......# ##.
#.......# .##..
####.##.####
....⌠. ###........
~.....
####...##.####
~.~...#
##....#.##...
~~≈≈..(###..####.#
...# ~≈≈~..S.##.##
#.. # ≈~~~..K@...#
#### ..~....#####
....... #######


You could see a ball python and a kobold.

Vanquished Creatures
  An adder (D:2)
  A dart slug (D:2)
  2 bats
  5 endoplasms
  A giant cockroach (D:1)
  3 goblins
  A hobgoblin (D:2)
  4 jackals (D:1)
  10 kobolds
  3 quokkas
  7 ball pythons
  3 frilled lizards
  4 rats
45 creatures vanquished.

Vanquished Creatures (collateral kills)
  A giant cockroach (D:1)
  A kobold (D:1)
2 creatures vanquished.

Grand Total: 47 creatures vanquished

Notes
Turn   | Place    | Note
-------+----------+-------------------------------------------
     0 | D:1      | GorkyZ the Djinni Hedge Wizard began the quest for the Orb.
     0 | D:1      | GorkyZ set off with the following spells memorised: Magic
                  | Dart, Blink, Call Imp, Slow, Conjure Flame, Mephitic Cloud.
     0 | D:1      | Reached XP level 1. HP: 15/15 MP: 0/0
   407 | D:1      | Reached XP level 2. HP: 20/21 MP: 0/0
   666 | D:1      | Reached skill level 3 in Spellcasting
   919 | D:1      | Reached XP level 3. HP: 17/25 MP: 0/0
   919 | D:1      | Learned a level 1 spell: Shock
  2091 | D:2      | Reached XP level 4. HP: 29/31 MP: 0/0
  2436 | D:2      | Found a faded altar of an unknown god.
  2442 | D:2      | Prayed at the altar of an unknown god.
  2442 | D:2      | Became a worshipper of Makhleb the Destroyer
  2442 | D:2      | Reached * piety under Makhleb
  2754 | D:3      | HP: 1/31 [constriction (1)]
  2755 | D:3      | Constricted to death by a ball python

Illustrated notes

Levels and vault maps discovered:
D:1:      dpeg_arrival_tiny_a, layout_loops_ring
D:2:      layout_basic, chequers_ecumenical_altar_grove
D:3:      layout_rooms, kiku_gazebo_pond_becter, ebering_ghost_reflecting_pool,
          portal_sewer_entry_a, grunt_ministairs_15, dreamdust_princess_bridge,
          minmay_misc_feat_tower, nicolae_elevator_lobby_plus

Skill      XL: |  1  2 |
---------------+-------+-----
Spellcasting   | 3 |  3.6
Dodging        | |  2.5
Stealth        | |  1.5

Action                   |  1- 3 |  4- 6 || total
-------------------------+-------+-------++-------
Melee: Dagger            |     5 |     1 ||     6
 Cast: Magic Dart        |    41 |       ||    41
       Call Imp          |     3 |       ||     3
       Slow              |     1 |       ||     1
       Shock             |    30 |    23 ||    53
Armor: Robe              |     2 |     8 ||    10
Dodge: Dodged            |    10 |    23 ||    33
